 Dungeon Crawl Stone Soup version 0.32-a0-975-g85d4e5bfdb (webtiles) character file.

Game seed: 17023098577987986856

205 Fodor the Covered (level 5, -2/46 HPs)
             Began as a Minotaur Fighter on Apr 18, 2024.
             Succumbed to a gnoll's poison
             ... on level 4 of the Dungeon.
             The game lasted 00:06:21 (2377 turns).

Fodor the Covered (Minotaur Fighter)                Turns: 2377, Time: 00:06:21

Health: -2/46      AC:  8    Str: 23    XL:     5   Next: 53%
Magic:  1/4        EV:  9    Int:  5    God:
Gold:   177        SH:  0    Dex:  9    Spells: 4/4 levels left

rFire   . . .        t - +4 quarterstaff (chaos)
rCold   . . .        (shield currently unavailable)
rNeg    . . .        b - +0 scale mail
rPois   .            (helmet restricted)
rElec   .            v - +0 cloak
rCorr   +            (no gloves)
SInv    .            (no boots)
Will    .....        n - amulet of guardian spirit Stlth
                     i - ring of resist corrosion
HPRegen 0.27/turn    (no ring)
MPRegen 0.09/turn

%: guardian spirit
@: lethally poisoned (-2 -> -13)
A: horns 2, retaliatory headbutt
a: no special abilities


You were on level 4 of the Dungeon.
You visited 1 branch of the dungeon, and saw 4 of its levels.

You collected 177 gold pieces.

Inventory:

Hand Weapons
 a - a +0 war axe
 t - a +4 quarterstaff of chaos (weapon)
Armour
 b - a +0 scale mail (worn)
 e - a +0 kite shield
 v - a +0 cloak (worn)
Jewellery
 i - a ring of resist corrosion (left hand)
 n - an amulet of guardian spirit (around neck)
Scrolls
 c - 3 scrolls of identify {unknown}
 g - a scroll of vulnerability {unknown}
 k - 2 scrolls of enchant weapon {unknown}
 m - a scroll of fog {unknown}
 o - a scroll of acquirement {unknown}
 p - a scroll of teleportation {unknown}
 r - a scroll of amnesia {unknown}
 u - a scroll of brand weapon {unknown}
Potions
 d - a potion of might
 f - a potion of enlightenment {unknown}
 h - 2 potions of degeneration {unknown}
 j - a potion of curing {unknown}
 l - a potion of haste {unknown}
 q - a potion of brilliance {unknown}
 s - a potion of mutation {unknown}


   Skills:
 + Level 4.1 Fighting
 + Level 5.0 Axes
 + Level 0.1 Staves
 + Level 5.0 Armour
 + Level 1.1 Dodging
 + Level 4.3 Shields


You had 4 spell levels left.
You didn't know any spells.
Your spell library contained the following spells:

 Spells                   Type           Power      Damage    Failure   Level
 Frozen Ramparts          Ice            0%         1d1       98%         3
 Ozocubu's Armour         Ice            0%         N/A       98%         3
 Tukima's Dance           Hex            0%         N/A       98%         3
 Dimensional Bullseye     Hex/Tloc       0%         N/A       100%        4
 Iskenderun's Mystic Bla Conj/Tloc 0%             2d3        (+2d1     100%        4
 Metabolic Englaciation   Hex/Ice        0%         N/A       100%        5


Dungeon Overview and Level Annotations

Branches:
Dungeon (4/15)
 Temple: D:4-7

Altars:
Fedhas
Kikubaaqudgha
Makhleb
Nemelex Xobeh
Qazlal
Vehumet


Innate Abilities, Weirdness & Mutations

You have a pair of horns on your head.
You reflexively headbutt those who attack you in melee.


Message History

You sock the gnoll! You headbutt the gnoll.
The gnoll is severely wounded.
The gnoll hits you with a +0 whip.
You hit the gnoll. Lightning courses through the gnoll!
You kill the gnoll!
Your Armour skill increases to level 5!
A bombardier beetle comes into view.
Things that are here:
a +0 whip; a gnoll corpse You closely miss the gnoll.
The gnoll barely misses you.
The gnoll hits you with a +0 halberd of venom.
You are poisoned.
You thump the gnoll!
The gnoll is moving more slowly.
You headbutt the gnoll, but do no damage.
The gnoll is almost dead.
You feel sick. The gnoll hits you but does no damage.
The gnoll hits you with a +0 halberd of venom!
You are more poisoned.
The gnoll hits you with a +0 halberd of venom.
You are lethally poisoned!
The gnoll hits you from afar with a +0 spear.
You hit the gnoll but do no damage. Lightning courses through the gnoll!
You kill the gnoll!
You feel extremely sick.
The gnoll hits you but does no damage. x2
Your Axes skill increases to level 5!
* * * LOW HITPOINT WARNING * * *
You feel very sick. The gnoll hits you but does no damage.
The gnoll hits you with a +0 spear.
You see here a +0 halberd of venom.
* * * LOW HITPOINT WARNING * * *
You feel very sick.
The gnoll barely misses you. x2; You furiously retaliate!
You headbutt the gnoll!
* * * LOW HITPOINT WARNING * * *
You feel very sick. The gnoll completely misses you.
The gnoll barely misses you.
You thump the gnoll! You burn the gnoll.
You kill the gnoll!
You die...

.......# ....[.#
#......#
......####......#
........##......##
.......##.......+
......##......#
#####...........#
#...............#
#....<.)).@##
#....###.)B#
#...... #.g.....
#...... ###....#
#...#.. .....#
#...#.. .......
... #.. ......##
#. #.. ##.....#


You could see a bombardier beetle and a gnoll.

Vanquished Creatures
  Crazy Yiuf (D:3)
  3 gnolls (D:4)
  9 adders
  A dart slug (D:3)
  2 ribbon worms
  5 endoplasms
  2 giant cockroaches (D:3)
  7 goblins
  7 hobgoblins
  12 kobolds
  4 quokkas
  9 bats
  4 frilled lizards
  11 rats
77 creatures vanquished.

Notes
Turn   | Place    | Note
-------+----------+-------------------------------------------
     0 | D:1      | Fodor the Minotaur Fighter began the quest for the Orb.
     0 | D:1      | Reached XP level 1. HP: 19/19 MP: 0/0
   237 | D:1      | Reached XP level 2. HP: 15/27 MP: 1/1
   711 | D:2      | Reached XP level 3. HP: 33/33 MP: 2/2
   984 | D:2      | Reached XP level 4. HP: 40/40 MP: 3/3
  1026 | D:2      | Found a burning altar of Makhleb.
  1370 | D:3      | Found a stormy altar of Qazlal.
  1690 | D:3      | Reached XP level 5. HP: 46/46 MP: 4/4
  1712 | D:3      | Found a runed translucent door.
  1713 | D:3      | Noticed Crazy Yiuf
  1746 | D:3      | Found a faded altar of an unknown god.
  1783 | D:3      | Killed Crazy Yiuf
  1861 | D:3      | Reached skill level 1 in Dodging
  2093 | D:3      | Found a radiant altar of Vehumet.
  2094 | D:3      | Found a blossoming altar of Fedhas.
  2095 | D:3      | Found an ancient bone altar of Kikubaaqudgha.
  2096 | D:3      | Found a sparkling altar of Nemelex Xobeh.
  2370 | D:4      | Reached skill level 5 in Armour
  2374 | D:4      | Reached skill level 5 in Axes
  2376 | D:4      | HP: 2/46 [poisoned by a gnoll]
  2377 | D:4      | Succumbed to a gnoll's poison

Illustrated notes

Levels and vault maps discovered:
D:1:      dpeg_arrival_leaves_temple_mockup, layout_rooms, minivault_24,
          dreamdust_princess_corridor
D:2:      layout_basic, basic_altar
D:3:      layout_basic, mainiacjoe_overflow_alcove_3, overflow_temple_1_default,
          shapermc_ecumenical_altar_acropolis, serial_bayou_pond_b,
          uniq_crazy_yiuf_cottage
D:4:      layout_basic, nicolae_dithmenos_the_darkroom,
          makhleb_altar_promises_db, tso_oasis_becter, grunt_ministairs_3

Skill      XL: |  1  2  3  4  5 |
---------------+----------------+-----
Axes           | 3 4 5 |  5.0
Armour         | 4 5 |  5.0
Shields        | 4 |  4.3
Fighting       | 4 |  4.1
Dodging        | 1 |  1.1
Staves         | |  0.1

Action                     |  1- 3 |  4- 6 || total
---------------------------+-------+-------++-------
  Melee: War axe           |   109 |    44 ||   153
         Headbutt          |     7 |     5 ||    12
         Quarterstaff      |       |    14 ||    14
 Armour: Scale mail        |   116 |    55 ||   171
  Dodge: Dodged            |    59 |    25 ||    84
  Block: Kite shield       |    73 |    23 ||    96

Table legend: (Time is in decaauts)
 A = Elapsed time spent in this place.
 B = Non-inter-level travel time spent in this place.
 C = Inter-level travel time spent in this place.
 D = Time resting spent in this place.
 E = Time spent auto-exploring this place.
 F = Levels seen in this place.
 G = Mean time per level.
                   A        B        C        D        E       F      G
               +--------+--------+--------+--------+--------+-----+--------+
         Total |   2456 |   2430 |     26 |      0 |   1413 |   4 |  614.0 |
       Dungeon |   2456 |   2430 |     26 |      0 |   1413 |   4 |  614.0 |
               +--------+--------+--------+--------+--------+-----+--------+

Top non-repeatable levels by time:
     D:3: 1030 daAuts
     D:1: 734 daAuts
     D:2: 673 daAuts
     D:4: 18 daAuts
